[Event "Late-Titled-Tuesday-Blitz-June-04-2024"]
[Site "Chess.com"]
[Date "2024.06.04"]
[Round "3"]
[White "NikitaShnadrygin"]
[Black "denizozen"]
[Result "0-1"]
[WhiteElo "2710"]
[BlackElo "2935"]
[TimeControl "180+1"]
[EndTime "14:28:28 PDT"]
[Termination "denizozen won by resignation"]

1. e4 e5 2. Nc3 Nf6 3. f4 d5 4.
fxe5 Nxe4 5. Qf3 Nc6 6. Bb5 Nxc3 7. dxc3 Qh4+ 8. g3 Qe4+ 9. Be3 Bd7 10. Bd3 Qxf3 11.
Nxf3 Bg4 12. Be2 O-O-O 13. O-O Bxf3 14. Bxf3 Nxe5 15. Be2 f6 16. a4 a6 17. Rad1 c6 18. Bb6 Re8 19. b3 Bd6 20. Kg2 h5 21. Rfe1 Ng4 22.
Bd3 Bc7 23. Bg1 Ne5 24. Bf5+ Kb8 25. Bd4 h4 26. Re2 hxg3 27. hxg3 Rh6 28. Rh1 Rxh1 29. Kxh1 Rh8+ 30. Kg2 Rh5 31. Be6 Rg5 32. Be3 Rh5 33.
Bf4 Bd6 34. g4 Rh8 35. g5 Kc7 36. Bf5 Rh5 37. Bh3 Rh4 38. Bg3 Rh5 39. Bf4 Rh4 40.
Bg3 Rh8 41. Bf5 a5 42. Bh3 Re8 43. gxf6 gxf6 44. Bf5 Rg8 45. Kh3 Rh8+ 46. Kg2 Rg8 47. Kh3 b6 48. Be6 Rg7 49. Bf4 Ng6 50. Bd2 Bf4 51. Be1 Be5 52. Bd2 Bxc3 53. Bf5 Bxd2 54. Bxg6 Rxg6 55. Rxd2 f5 56. Kh4 Rg4+ 57. Kh5 Kd6 58.
Rf2 Ke5 59. Re2+ Re4 60. Rf2 d4 61. Kg5 Rg4+ 62. Kh6 c5 63. Re2+ Re4 64. Kh5 Rxe2 0-1

[Event "Late-Titled-Tuesday-Blitz-June-04-2024"]
[Site "Chess.com"]
[Date "2024.06.04"]
[Round "3"]
[White "Semetey"]
[Black "stollenmonster"]
[Result "0-1"]
[WhiteElo "2546"]
[BlackElo "2866"]
[TimeControl "180+1"]
[EndTime "14:28:28 PDT"]
[Termination "stollenmonster won by checkmate"]

1. e4 c5 2. Nf3 Nf6 3. Nc3 d5 4. e5 Ne4 5. Nxe4 dxe4 6. Ng5 Qd5 7. Qe2 Qxe5 8. Nxe4 Nc6 9. c3 Bf5 10. d3 e6 11. Qe3 Qd5 12. b3 Be7 13. Be2 Rd8 14. O-O O-O 15. Ba3 b6 16. Rad1 Rfe8 17. Bb2 Bg6 18. f4 h6 19. Bf3 Qd7 20. Qe2 e5 21. Bh5 Bxh5 22. Qxh5 f5 23. Ng3 exf4 24. Nxf5 Bg5 25. Nh4 Ne5 26. d4 cxd4 27. Rxd4 Qe6 28. Nf3 Nxf3+ 29. Qxf3 Rxd4 30. cxd4 Qe2 31. Bc1 Qxa2 32.
Bxf4 Bxf4 33. Qxf4 Qxb3 34. h3 Qe3+ 35. Kh2 Qxf4+ 36.
Rxf4 a5 37. d5 Rd8 38. Rd4 Kf7 39. Kg3 Ke7 40. Re4+ Kd6 41. Re6+ Kc5 42. Rc6+ Kb5 43. Rc7 Rxd5 44. Rxg7 Rg5+ 45. Rxg5+ hxg5 46. h4 gxh4+ 47. Kxh4 a4 48. g4 a3 49. g5 a2 50. g6 a1=Q 51. Kg5 Qg7 52. Kf5 Ka4 53. Kg5 b5 54. Kf5 b4 55. Kg5 b3 56. Kf5 b2 57. Kg5 b1=Q 58. Kg4 Qbxg6+ 59. Kf3 Qc3+ 60. Ke2 Qgd3+ 61. Kf2 Qcd2+ 62.
Kg1 Qg3+ 63. Kh1 Qd5# 0-1

[Event "Late-Titled-Tuesday-Blitz-June-04-2024"]
[Site "Chess.com"]
[Date "2024.06.04"]
[Round "3"]
[White "AsaHoffmann"]
[Black "Squirlolz"]
[Result "1/2-1/2"]
[WhiteElo "2270"]
[BlackElo "2504"]
[TimeControl "180+1"]
[EndTime "14:28:28 PDT"]
[Termination "Game drawn - insufficient material"]

1. d4 c5 2. dxc5 g6 3. Nc3 Bg7 4. e4 Na6 5. Be3 b6 6. cxb6 axb6 7. Bc4 Nf6 8. e5 Nh5 9. Bxf7+ Kxf7 10. Qd5+ e6 11.
Qxa8 Bxe5 12. Nf3 Bf6 13. O-O-O Bxc3 14. bxc3 Qc7 15. Bd4 Re8 16. Qe4 Bb7 17. Qh4 Bxf3 18. gxf3 Qc4 19. Kb1 Ra8 20. Qe4 Nc7 21. Be5 Qxa2+ 22.
Kc1 Nd5 23. Kd2 Nhf6 24. Qd4 Ra4 25. Qd3 Qc4 26. Qxc4 Rxc4 27. Rhe1 Rh4 28. Kc1 b5 29. Rd4 Rh3 30. Bg3 h5 31. c4 bxc4 32. Rxc4 g5 33. Rd4 h4 34. Be5 Rxf3 35. c4 Nb4 36. Kd2 Rxf2+ 37. Re2 Rxe2+ 38. Kxe2 Nc6 39. Bxf6 Kxf6 40.
Rxd7 Ne5 41. Rc7 g4 42. Ke3 g3 43. hxg3 hxg3 44. c5 Nd3 45. Kf3 Ke5 46. c6 Kd6 47.
Rc8 Ne5+ 48. Kxg3 Nxc6 49. Kf4 Ne7 50. Re8 Nd5+ 51. Kf3 Ke5 52. Ra8 Kf5 53. Ra6 Ke5 54. Ke2 Kf5 55. Ra5 Ke4 56. Kd2 e5 57. Ra4+ Kf5 58.
Kd3 Nf4+ 59. Ke3 Ne6 60. Ra5 Nd4 61. Rxe5+ Kxe5 1/2-1/2

[Event "Late-Titled-Tuesday-Blitz-June-04-2024"]
[Site "Chess.com"]
[Date "2024.06.04"]
[Round "3"]
[White "Shankland"]
[Black "Mischuk_D"]
[Result "1-0"]
[WhiteElo "2966"]
[BlackElo "2713"]
[TimeControl "180+1"]
[EndTime "14:28:30 PDT"]
[Termination "Shankland won by resignation"]

1. e4 c5 2. Nf3 d6 3. d4 cxd4 4. Nxd4 Nf6 5. Nc3 g6 6. Be3 Nc6 7. f3 h5 8. Bc4 Bd7 9. Bb3 Bg7 10. Qd2 Nxd4 11. Bxd4 O-O 12. O-O-O b5 13. Qg5 Kh7 14. Kb1 Bh6 15. Qh4 b4 16. Nd5 Nxd5 17.
Bxd5 Rc8 18. g4 e5 19. Qxd8 Rcxd8 20. Bxa7 hxg4 21. fxg4 Bxg4 22. Rd3 f5 23. Bb6 Rc8 24. Ba5 fxe4 25. Bxe4 Rf4 26. Re1 Bf8 27. b3 Bf5 28. Bxf5 gxf5 29. Rg1 Be7 30. Rdg3 Rg4 31. Rxg4 fxg4 32.
Rxg4 d5 33. Bxb4 Bxb4 34. Rxb4 Kg6 35. a4 Kf5 36. a5 e4 37. a6 Kf4 38. a7 Ra8 39. Rb7 Kf3 40. b4 e3 41. b5 e2 42.
Rf7+ Kg4 43. Re7 Rxa7 44. Rxe2 Rb7 45. c4 dxc4 46. Rb2 Kf4 47. Kc2 Ke4 48. Kc3 Kd5 49.
b6 Kc5 50. h4 Kd5 51. h5 Kc5 52. h6 Kd5 53. h7 Rxh7 54. b7 Rh3+ 55. Kc2 Rh2+ 56.
Kb1 Rh1+ 57. Ka2 c3 58. b8=Q cxb2 59. Qb7+ Kc4 60. Qxh1 1-0

[Event "Late-Titled-Tuesday-Blitz-June-04-2024"]
[Site "Chess.com"]
[Date "2024.06.04"]
[Round "3"]
[White "Jagerrmeisterr"]
[Black "crescentmoon2411"]
[Result "1-0"]
[WhiteElo "2685"]
[BlackElo "2894"]
[TimeControl "180+1"]
[EndTime "14:28:31 PDT"]
[Termination "Jagerrmeisterr won by resignation"]

1. e4 c6 2. Nc3 d5 3. Nf3 Bg4 4. h3 Bxf3 5. Qxf3 e6 6. d3 Bd6 7. g3 Nd7 8. Bg2 Ne7 9. O-O O-O 10. Qe2 a5 11. f4 b5 12. Kh2 b4 13. Nd1 a4 14.
Nf2 Qb6 15. h4 a3 16. h5 axb2 17.
Bxb2 Bc5 18. h6 g6 19. Bg7 Rfe8 20. c3 bxc3 21. Bxc3 Bd4 22. Rab1 Qa7 23. Bxd4 Qxd4 24. Ng4 Ra7 25. Qd2 dxe4 26. Rb4 Qxd3 27. Qxd3 exd3 28. Rd4 Nd5 29. Rf2 Rea8 30. Rxd3 Rxa2 31. Rxa2 Rxa2 32. Rb3 Kf8 33. Kh3 f5 34. Ne5 Nxe5 35. fxe5 Ne7 36. Rb8+ Kf7 37. Rh8 g5 38. Rxh7+ Kg6 39. Rxe7 g4+ 40.
Kh2 Kxh6 41. Rxe6+ Kg5 42. Rxc6 Re2 43. e6 Kf6 44. Kg1 Rxe6 45. Rxe6+ Kxe6 46. Kf2 Kf6 47. Ke3 Kg5 48. Bf1 1-0

[Event "Late-Titled-Tuesday-Blitz-June-04-2024"]
[Site "Chess.com"]
[Date "2024.06.04"]
[Round "3"]
[White "Rodalquilar"]
[Black "dimitrisl"]
[Result "1/2-1/2"]
[WhiteElo "2784"]
[BlackElo "2508"]
[TimeControl "180+1"]
[EndTime "14:28:34 PDT"]
[Termination "Game drawn by repetition"]

1. d4 Nf6 2. Nf3 d5 3. Bf4 e6 4. e3 Bd6 5. Bg3 c5 6. Bb5+ Nc6 7. Nbd2 O-O 8. c3 Qe7 9. Bxc6 bxc6 10. Qa4 Bb7 11.
Bxd6 Qxd6 12. Qa3 Nd7 13. Nb3 Rfb8 14. Nxc5 Nxc5 15. Qxc5 Qxc5 16. dxc5 a5 17. Ne5 Bc8 18. O-O-O Ra6 19. f4 f6 20. Nd3 Ra7 21. Rhe1 Ba6 22.
e4 Bxd3 23. Rxd3 Rb5 24. exd5 exd5 25. Re8+ Kf7 26. Rc8 Rxc5 27. Rd4 Re7 28. Kd2 h5 29. a4 Rb7 30. Kc2 Rb4 31. Rc7+ Kg6 32. Rxb4 axb4 33. Rb7 bxc3 34. b4 Rc4 35. a5 d4 36. a6 d3+ 37.
Kxd3 c2 38. Kxc4 c1=Q+ 39. Kd4 Qa1+ 40. Kc5 Qxa6 41. Rb6 Qd3 42. Rxc6 Qe3+ 43. Kd5 Qd2+ 44. Kc5 Qc1+ 45. Kd5 Qxf4 46. b5 Qf5+ 47. Kc4 Qe4+ 48. Kc5 Qxg2 49. b6 Qc2+ 50. Kd6 Qb3 51. Kc7 Qf7+ 52.
Kc8 Qe8+ 53. Kc7 Qe7+ 54. Kc8 Qe8+ 55. Kc7 Qe7+ 56. Kc8 Qe8+ 1/2-1/2

[Event "Late-Titled-Tuesday-Blitz-June-04-2024"]
[Site "Chess.com"]
[Date "2024.06.04"]
[Round "3"]
[White "shimastream"]
[Black "Bryanl106"]
[Result "1-0"]
[WhiteElo "3005"]
[BlackElo "2722"]
[TimeControl "180+1"]
[EndTime "14:28:35 PDT"]
[Termination "shimastream won by resignation"]

1. e4 e5 2. f4 d5 3. exd5 exf4 4. Nf3 Nf6 5. Bb5+ c6 6. dxc6 Nxc6 7. Qe2+ Be7 8. O-O O-O 9. Kh1 Bg4 10. Bxc6 bxc6 11.
d3 Bd6 12. Nc3 Re8 13. Qf2 h6 14. Bd2 Qb6 15. b3 Qxf2 16. Rxf2 Bc5 17. Rff1 Be3 18. Bxe3 fxe3 19. Rae1 Rad8 20. h3 Bh5 21. g4 Bg6 22. Nh4 Bxd3 23. cxd3 Rxd3 24. Ne2 Rd2 25. Nf5 Nd5 26. Neg3 Rxa2 27. Re2 Ra3 28. Kg2 Rxb3 29. Kf3 g6 30. Nd6 Re6 31. Nde4 a5 32. Ra1 Rb5 33. Rc2 Kg7 34. Ne2 Rb4 35. Nc5 Rf6+ 36. Kg3 Rf2 37. Nd3 Nf4 38. Nxf2 Nxe2+ 39. Rxe2 exf2 40. Rxf2 a4 41. Rfa2 Rb3+ 42. Kg2 c5 43. Rc1 a3 44. Rxc5 Rd3 45.
Ra5 h5 46. gxh5 gxh5 47. Rxh5 Kg6 48. Ra5 f5 49. R5xa3 Rd4 50. Kg3 Kg5 51. Rf3 Rd1 52. h4+ Kh5 53. Rxf5+ Kg6 54. Rg5+ Kh6 55. Ra6+ Kh7 56.
Rb5 Ra1 57. Rb7+ Kh8 58. Rxa1 1-0

[Event "Late-Titled-Tuesday-Blitz-June-04-2024"]
[Site "Chess.com"]
[Date "2024.06.04"]
[Round "3"]
[White "only_strong_moves"]
[Black "jcibarra"]
[Result "0-1"]
[WhiteElo "2681"]
[BlackElo "2925"]
[TimeControl "180+1"]
[EndTime "14:28:35 PDT"]
[Termination "jcibarra won on time"]

1. Nc3 c5 2. Nf3 Nc6 3. d4 cxd4 4. Nxd4 Nf6 5. Bg5 e6 6. e3 Bb4 7. Nb5 d5 8. a3 Be7 9. Be2 O-O 10. O-O h6 11.
Bh4 a6 12. Nd4 e5 13. Nb3 Be6 14. Bxf6 Bxf6 15. Nc5 e4 16. Bg4 Bxg4 17. Qxg4 Bxc3 18. bxc3 Qe7 19. Nb3 Rac8 20. Rad1 Ne5 21. Qf5 Qe6 22.
Qxe6 fxe6 23. Nd4 Rfe8 24. Rb1 Re7 25. Rb3 Nc4 26. Rd1 b5 27. Ne2 Kf7 28. Ra1 Nb6 29. Rf1 Rec7 30. f3 exf3 31. Rxf3+ Ke7 32. Rg3 Kd6 33.
e4 dxe4 34. Re3 Rc4 35. Ng3 Ke5 36. Ne2 Nd5 37. Rg3 g5 38. Rh3 Rh8 39. Rb1 h5 40.
Rg3 g4 41. h3 Rg8 42. Rd1 Ne7 43. hxg4 hxg4 44. Nd4 Nf5 45. Nxf5 exf5 46. Re3 Rgc8 47. Re2 Rxc3 48. Red2 R8c5 49. Rd8 Rxc2 50. Re8+ Kf4 51. Kh2 g3+ 52. Kh3 Rc1 53. Rxc1 Rxc1 0-1

[Event "Late-Titled-Tuesday-Blitz-June-04-2024"]
[Site "Chess.com"]
[Date "2024.06.04"]
[Round "3"]
[White "HansOnTwitch"]
[Black "DeTimmerman"]
[Result "1-0"]
[WhiteElo "3129"]
[BlackElo "2765"]
[TimeControl "180+1"]
[EndTime "14:28:37 PDT"]
[Termination "HansOnTwitch won by resignation"]

1. e4 e5 2. Nf3 Nc6 3. Bb5 f5 4. Nc3 fxe4 5. Nxe4 d5 6. Nxe5 dxe4 7. Nxc6 Qg5 8.
Nd4+ c6 9. Bf1 Bc5 10. d3 Qe5 11. c3 exd3+ 12. Be3 Nf6 13. Bxd3 O-O 14. Qd2 Bg4 15.
O-O Bd6 16. g3 Qh5 17. Rfe1 Nd5 18. Bc4 Kh8 19. Bxd5 Qxd5 20. f3 Bxf3 21. Nxf3 Rxf3 22. Qxd5 cxd5 23. Bd4 Kg8 24. Re6 Bf8 25. Rae1 a6 26.
Rb6 Rf7 27. Kg2 Rc8 28. Rbe6 Bc5 29. Bxc5 Rxc5 30. Rd6 h6 31. Re5 Rc6 32. Rexd5 Rf6 33. Rxf6 Rxf6 34. Rd8+ Kh7 35. Rd7 b6 36. c4 a5 37. b3 a4 38. b4 h5 39. b5 Rf5 40.
Rd6 Rc5 41. Rc6 Re5 42. Rxb6 Re2+ 43. Kf3 Rxa2 44. c5 a3 45. c6 Rb2 46. c7 Rc2 47.
Rc6 Rxc6 48. bxc6 a2 49. c8=Q a1=Q 50. Qf5+ g6 51. Qf7+ Kh6 52. Qf4+ Kh7 53. Qc4 Qd1+ 54. Ke4 Qe1+ 55. Kd5 Qd2+ 56. Ke6 Qe3+ 57. Kd7 Qd2+ 58. Kc8 Qxh2 59. Qf7+ Kh6 60. Qf4+ Kh7 61. c7 Qb2 62. Kd8 Qh8+ 63. Ke7 Qc8 64. Qf7+ Kh6 65. Qf8+ 1-0

[Event "Late-Titled-Tuesday-Blitz-June-04-2024"]
[Site "Chess.com"]
[Date "2024.06.04"]
[Round "3"]
[White "cthake"]
[Black "gabduschew"]
[Result "0-1"]
[WhiteElo "1755"]
[BlackElo "2323"]
[TimeControl "180+1"]
[EndTime "14:28:37 PDT"]
[Termination "gabduschew won on time"]

1. e4 e5 2. Nf3 d5 3. exd5 e4 4. Ng1 Qxd5 5. d4 Nc6 6. Be3 Nf6 7. c4 Qf5 8. Ne2 Bd6 9. Nbc3 O-O 10. Ng3 Qg6 11. Be2 Bg4 12. O-O h5 13. Bxg4 Nxg4 14. c5 Bxg3 15. hxg3 Rad8 16. d5 Nxe3 17. fxe3 Nb4 18.
Qb3 Nd3 19. Kh2 Nxc5 20. Qc4 b6 21. b4 Nd3 22. Nxe4 Ne5 23. Qd4 Ng4+ 24. Kg1 Rfe8 25. Rf4 f5 26. Nc3 Nxe3 27. Nb5 Qxg3 28. Rf2 Ng4 29. Rf3 Qh2+ 30. Kf1 Qh1+ 31. Qg1 Qxg1+ 32. Kxg1 Rd7 33. Rxf5 Ne3 34. Rxh5 Nxd5 35. Nxa7 Nxb4 36. a3 Nd5 37. Rd1 Red8 38. Nc6 Rd6 39. Rhxd5 Rxd5 40. Ne7+ Kf7 41. Rxd5 Kxe7 42. Rg5 Kf6 43. Rg3 c5 44. Rb3 Rd6 45. a4 g5 46. g3 Kf5 47. Kf2 g4 48. Ke3 Ke5 49. a5 bxa5 50. Rb5 Rc6 51. Rxa5 Kd5 52.
Kf4 Kd4 53. Kxg4 c4 0-1

[Event "Late-Titled-Tuesday-Blitz-June-04-2024"]
[Site "Chess.com"]
[Date "2024.06.04"]
[Round "3"]
[White "TigrVShlyape"]
[Black "Alphafischer2019"]
[Result "1-0"]
[WhiteElo "2897"]
[BlackElo "2640"]
[TimeControl "180+1"]
[EndTime "14:28:38 PDT"]
[Termination "TigrVShlyape won by resignation"]

1. d4 Nf6 2. Bf4 g6 3. c3 Bg7 4. Nf3 O-O 5. Nbd2 d6 6. h3 Nbd7 7. e4 e5 8. dxe5 dxe5 9. Bg5 h6 10. Bh4 Qe7 11. Bc4 c6 12. a4 a5 13. O-O Nc5 14. Re1 Rd8 15. Qc2 Kh7 16. Bf1 g5 17. Bg3 Nh5 18.
Nc4 Nxg3 19. fxg3 Qc7 20. Ne3 Qb6 21. Bc4 Be6 22. Kh1 Rd7 23. Bxe6 fxe6 24. Nc4 Qc7 25. Rad1 Rad8 26. Rxd7 Rxd7 27. Ne3 b5 28. b3 Nd3 29. Rd1 Nc5 30. Rxd7 Qxd7 31. axb5 cxb5 32. b4 axb4 33. cxb4 Na6 34. Qb3 Qd6 35. Nc2 Qd1+ 36. Kh2 Nxb4 37. Qxb4 Qxc2 38. Qxb5 Qxe4 39. Nd2 Qd5 40. Qb1+ Kg8 41.
Ne4 Kf7 42. Qc2 Qd4 43. Qe2 Kg6 44. h4 Bf6 45. Qf3 Be7 46. Qg4 Qd5 47. h5+ Kg7 48. Qe2 Qd4 49. Qc2 Qd5 50. Nc3 Qd4 51. Qg6+ Kf8 52.
Qxh6+ Ke8 53. Qg6+ Kd7 54. Ne4 Bc5 55. Nxc5+ Qxc5 56.
h6 Qf8 57. h7 Kd6 58. Qg8 Qh6+ 59. Kg1 g4 60. h8=Q Qxh8 61. Qxh8 1-0

[Event "Late-Titled-Tuesday-Blitz-June-04-2024"]
[Site "Chess.com"]
[Date "2024.06.04"]
[Round "3"]
[White "LoonsDeKoeben"]
[Black "Attacker_2006"]
[Result "1-0"]
[WhiteElo "2292"]
[BlackElo "2520"]
[TimeControl "180+1"]
[EndTime "14:28:39 PDT"]
[Termination "LoonsDeKoeben won by resignation"]

1. e4 e5 2. Nf3 Nc6 3. Bc4 Nf6 4. d3 h6 5. h3 Bc5 6. c3 d6 7. Nbd2 Qe7 8. b4 Bb6 9. a4 a5 10. b5 Nb8 11. Qe2 Be6 12. Ba3 Nbd7 13. d4 exd4 14. Bxe6 Qxe6 15. cxd4 O-O 16. O-O Rfe8 17. Rfe1 Nf8 18.
Kh2 Ng6 19. g3 d5 20. e5 Nd7 21. Qd3 c5 22. bxc6 bxc6 23. Ng1 c5 24. f4 Qc6 25.
Ngf3 c4 26. Qc3 Rab8 27. f5 Ngf8 28. Nh4 Bd8 29. Ng2 Nb6 30. Bd6 Bc7 31. Bxc7 Qxc7 32.
Nf4 Qc6 33. Qf3 Nxa4 34. Nxd5 c3 35. Nf6+ Qxf6 36. exf6 Rxe1 37. Rxe1 cxd2 38. Rd1 gxf6 39. Rxd2 Nb6 40. Qc6 Nfd7 41. d5 a4 42. Ra2 Ne5 43. Qb5 Nbd7 44. Qxa4 Rc8 45. Qf4 Kg7 46. d6 Rc4 47. Qf2 Rc3 48. Kg2 Rd3 49. Rd2 Rb3 50. Rc2 Rd3 51. Rd2 Rb3 52. Qf4 Rf3 53. Qxf3 Nxf3 54. Kxf3 Kf8 55. Ke4 Ke8 56. Kd5 Nb6+ 57.
Kc6 Nd7 58. Kc7 Ne5 59. d7+ Nxd7 60. Rxd7 Kf8 61. Kd6 1-0

[Event "Late-Titled-Tuesday-Blitz-June-04-2024"]
[Site "Chess.com"]
[Date "2024.06.04"]
[Round "3"]
[White "harshu27"]
[Black "IngOscarArdila"]
[Result "1-0"]
[WhiteElo "2542"]
[BlackElo "2286"]
[TimeControl "180+1"]
[EndTime "14:28:41 PDT"]
[Termination "harshu27 won by resignation"]

1. d4 Nf6 2. Nc3 e6 3. e4 Be7 4. e5 Nd5 5. Bd3 Nxc3 6. bxc3 c5 7. Nf3 Nc6 8. O-O g6 9. Bh6 d6 10. Qe2 cxd4 11. cxd4 dxe5 12. dxe5 Bd7 13. Rab1 Qc7 14.
Be4 Bf8 15. Bg5 Bg7 16. Rfe1 O-O 17. Bxc6 Bxc6 18. Bf6 Bxf6 19. exf6 Qf4 20. Qe5 Qxe5 21. Nxe5 Bd5 22. c4 Bc6 23. Nxc6 bxc6 24. Rb7 h6 25. Rd1 Rad8 26. Rdd7 Rxd7 27. Rxd7 a5 28.
g3 g5 29. Rc7 Kh7 30. Rxc6 Kg6 31. Ra6 Rc8 32. Rxa5 Rxc4 33. Ra8 Kxf6 34. a4 Rc1+ 35. Kg2 Ra1 36. a5 Ra4 37. a6 h5 38. Kf3 g4+ 39.
Ke3 Ra3+ 40. Kd4 Ra4+ 41. Kc5 Ra2 42. Kb6 Rxf2 43. Rh8 Rb2+ 44. Kc6 Rc2+ 45. Kb7 Rb2+ 46. Ka8 e5 47. a7 e4 48. Rb8 Ra2 49. Rb5 e3 50.
Kb7 e2 51. Rb1 Rd2 52. a8=Q Rd1 53. Qa6+ Kg7 54. Qa1+ f6 55. Rxd1 exd1=Q 56. Qxd1 1-0

[Event "Late-Titled-Tuesday-Blitz-June-04-2024"]
[Site "Chess.com"]
[Date "2024.06.04"]
[Round "3"]
[White "JSPrepz"]
[Black "LeninGuerra"]
[Result "1-0"]
[WhiteElo "2836"]
[BlackElo "2543"]
[TimeControl "180+1"]
[EndTime "14:28:43 PDT"]
[Termination "JSPrepz won on time"]

1. e4 c5 2. Nf3 e6 3. c3 Nc6 4.
d4 cxd4 5. cxd4 d5 6. e5 Nge7 7.
Nc3 Nf5 8. g4 Nh4 9. Nxh4 Qxh4 10. Be3 Bb4 11. Rc1 h5 12. g5 Bd7 13. Bg2 Ne7 14. O-O Nf5 15. Qd2 Rc8 16. a3 Ba5 17. b4 Bb6 18. Ne2 Ke7 19. b5 Rxc1 20. Rxc1 Rc8 21.
Rxc8 Bxc8 22. Bf4 f6 23. exf6+ gxf6 24. gxf6+ Kxf6 25. Be5+ Kf7 26. Nf4 Qg4 27. Kf1 Bd7 28. a4 Bd8 29. Bh3 Qg5 30. Qe2 h4 31. Qf3 Bf6 32.
Bg4 Bxe5 33. dxe5 Kg7 34. Bxf5 Qxf5 35. Nh5+ Kg6 36. Nf4+ Kg5 37. Nh3+ Kg6 38. Qe3 a6 39. Nf4+ Kf7 40. bxa6 bxa6 41. Qd4 Qb1+ 42. Kg2 Qf5 43. a5 Bb5 44. h3 Qe4+ 45. Qxe4 dxe4 46. Kg1 Bc4 47. Ng2 Kg6 48. Nxh4+ Kg5 49. Ng2 Kf5 50.
Ne3+ Kxe5 51. Nxc4+ Kd4 52. Ne3 Kc5 53. h4 Kb5 54. h5 1-0

[Event "Late-Titled-Tuesday-Blitz-June-04-2024"]
[Site "Chess.com"]
[Date "2024.06.04"]
[Round "3"]
[White "penguingm1"]
[Black "Statham_01"]
[Result "1-0"]
[WhiteElo "2940"]
[BlackElo "2711"]
[TimeControl "180+1"]
[EndTime "14:28:44 PDT"]
[Termination "penguingm1 won by resignation"]

1. d4 d5 2. Bf4 h5 3. Nf3 Nf6 4. e3 Bg4 5. c4 e6 6. Qb3 Nbd7 7. Nc3 Bd6 8. Ne5 O-O 9. cxd5 Nxd5 10. Bg3 Bxe5 11. dxe5 h4 12. Bf4 g5 13. Nxd5 exd5 14. h3 Be6 15. Bh2 d4 16. Qd3 c5 17. exd4 Qa5+ 18.
Qc3 Qb6 19. d5 Bxd5 20. Be2 Qb4 21. Qxb4 cxb4 22. Rd1 Bc6 23. Bg4 Rad8 24. e6 Nf6 25. O-O fxe6 26. Bxe6+ Kg7 27. Bd6 Rfe8 28. Bb3 Bd5 29.
Bxb4 Bxb3 30. axb3 Kg6 31. Bc3 Nd5 32. Bd4 a6 33. Rfe1 Nf4 34. Rxe8 Rxe8 35. Be3 Ne6 36.
Kf1 Kf5 37. Rd5+ Kf6 38. b4 Rc8 39. b5 Rc2 40. bxa6 bxa6 41. Rd6 Ke7 42. Rb6 a5 43.
Ke1 a4 44. Rb4 Kf7 45. Kd1 Rc6 46. Rxa4 Rd6+ 47. Ke2 Rc6 48. b4 Rc2+ 49. Kf3 Kg6 50. Ra6 Kf5 51. Ra5+ Kf6 52. Rd5 Rb2 53. b5 Ke7 54.
Bxg5+ Kf7 55. Be3 Kg6 56. Re5 Kf6 57. Rh5 Rb3 58. b6 Kf7 59. Rxh4 Nd4+ 60. Rxd4 1-0

[Event "Late-Titled-Tuesday-Blitz-June-04-2024"]
[Site "Chess.com"]
[Date "2024.06.04"]
[Round "3"]
[White "Dedic8"]
[Black "Rutricks"]
[Result "1-0"]
[WhiteElo "2925"]
[BlackElo "2687"]
[TimeControl "180+1"]
[EndTime "14:28:44 PDT"]
[Termination "Dedic8 won by resignation"]

1. d4 g6 2. e4 Bg7 3. Nc3 c6 4. f4 d5 5. e5 Nh6 6. Be3 f6 7. Nf3 Bg4 8. Be2 O-O 9. Qd2 fxe5 10. fxe5 Nf5 11. Bf2 Bh6 12. Qd3 c5 13. dxc5 e6 14. Nd4 Bxe2 15. Ncxe2 Nxd4 16. Nxd4 Qd7 17. Qh3 Bd2+ 18.
Kxd2 Rxf2+ 19. Ke3 Rf7 20. Qxe6 Qxe6 21. Nxe6 Re7 22.
Nd4 Rxe5+ 23. Kd2 Na6 24. c6 Re4 25. c3 bxc6 26. Nxc6 Rc8 27. Nd4 Rb8 28. b3 Nc5 29.
Rhf1 Rc8 30. Rf3 Re7 31. Raf1 Ne4+ 32. Kc2 Rec7 33. Ne2 d4 34. c4 Rd7 35. Rd3 Rcd8 36. Rf4 Re8 37. Rxd4 Rde7 38. Nc3 Ng5 39. Rf2 Re1 40.
c5 Ne6 41. Rc4 Rd8 42. c6 Nd4+ 43. Kb2 Ne6 44. Re2 Rxe2+ 45. Nxe2 Rc8 46. b4 Kf7 47. b5 Rb8 48. a4 a6 49. Nc3 axb5 50.
axb5 Nc7 51. Rb4 Ke6 52. b6 Na6 53. c7 Nxc7 54. Kb3 Nd5 55. Nxd5 Kxd5 56. b7 Kc6 57. Kc4 h6 58. Kd4 g5 59. Ke5 Kc7 60. Kf6 Rf8+ 61. Kg7 Kb8 62. Kxf8 1-0

[Event "Late-Titled-Tuesday-Blitz-June-04-2024"]
[Site "Chess.com"]
[Date "2024.06.04"]
[Round "3"]
[White "WindWhistler11"]
[Black "NovakRatko"]
[Result "1-0"]
[WhiteElo "2547"]
[BlackElo "2305"]
[TimeControl "180+1"]
[EndTime "14:28:45 PDT"]
[Termination "WindWhistler11 won on time"]

1. Nf3 d5 2. g3 c5 3. c4 d4 4. Bg2 Nc6 5. e3 e5 6. exd4 cxd4 7. d3 Bg4 8. O-O Qd7 9. Re1 Be7 10. Qc2 f6 11. a3 a5 12. Nbd2 Bd6 13. Rb1 Nge7 14. c5 Bc7 15. Nc4 O-O 16. b4 axb4 17.
axb4 Ng6 18. b5 Nce7 19. Bd2 Rab8 20. b6 Bd8 21. Nd6 Kh8 22. Rec1 Nc6 23. Ne1 Nge7 24. Qa4 Be6 25. Nc2 Bd5 26. Bf1 Qg4 27. Ne1 h5 28. Qd1 Qg6 29. Be2 h4 30. Bh5 Qh7 31. Bf3 hxg3 32. hxg3 g5 33. Bxd5 Nxd5 34. Qf3 Nde7 35. Nc2 Qg6 36. Kg2 g4 37. Rh1+ Kg7 38. Qe2 Rh8 39.
Rxh8 Kxh8 40. Rh1+ Kg8 41. Rh6 Qg7 42. Rh4 f5 43.
Nxf5 Nxf5 44. Rxg4 Bf6 45. Rxg7+ Nxg7 46. Qf3 Kf7 47.
Bg5 Ne8 48. Qh5+ Ke6 49. Qg4+ Kf7 50. Qd7+ Ne7 51. Bd2 Rc8 52. Qxb7 Rxc5 53. Nb4 Rb5 54. Qa6 Rc5 55. b7 1-0

[Event "Late-Titled-Tuesday-Blitz-June-04-2024"]
[Site "Chess.com"]
[Date "2024.06.04"]
[Round "3"]
[White "krzyzan94"]
[Black "Josetricks"]
[Result "1/2-1/2"]
[WhiteElo "2810"]
[BlackElo "2436"]
[TimeControl "180+1"]
[EndTime "14:28:47 PDT"]
[Termination "Game drawn by repetition"]

1. Nf3 g6 2. e4 Bg7 3. d4 c6 4.
Nc3 d5 5. h3 dxe4 6. Nxe4 Nf6 7. Bd3 O-O 8. O-O Nxe4 9. Bxe4 Nd7 10. Re1 e5 11. dxe5 Nxe5 12. Nxe5 Qxd1 13. Rxd1 Bxe5 14. c3 Be6 15. Be3 a5 16. Bb6 a4 17. a3 Ra6 18.
Bc5 Re8 19. Re1 Bf6 20. Rad1 Kg7 21. Bc2 Ra5 22. Bd4 Bxd4 23. Rxd4 b5 24. Rd6 Ra6 25.
f4 Rc8 26. Re5 Ra7 27. Rc5 Rd7 28. Rxd7 Bxd7 29. Kf2 Kf8 30. f5 Ke7 31. fxg6 fxg6 32. h4 Kd6 33. Rg5 Rf8+ 34. Ke2 Be6 35. Be4 Bc4+ 36.
Ke3 Re8 37. Kf3 Rf8+ 38. Kg3 Re8 39. Bf3 Bf7 40. Kf2 h6 41. Rg4 Re5 42. Rf4 Rf5 43. Rxf5 gxf5 44. Ke3 Bd5 45. Kf4 Bxf3 46. Kxf3 Ke5 47.
g3 c5 48. Ke3 Ke6 49. Kf4 Kf6 50. Ke3 Ke5 51. Kf3 Ke6 52. g4 fxg4+ 53. Kxg4 Kf6 54. Kh5 Kf5 55. Kxh6 Kf6 56. h5 c4 57. Kh7 Kf7 58. Kh8 Kf8 59. Kh7 Kf7 60. Kh6 Kf6 61.
Kh7 Kf7 1/2-1/2

[Event "Late-Titled-Tuesday-Blitz-June-04-2024"]
[Site "Chess.com"]
[Date "2024.06.04"]
[Round "3"]
[White "Stanbad1"]
[Black "SaraciNderim"]
[Result "1/2-1/2"]
[WhiteElo "2660"]
[BlackElo "2896"]
[TimeControl "180+1"]
[EndTime "14:28:54 PDT"]
[Termination "Game drawn - insufficient material"]

1. d4 Nf6 2. Nc3 d5 3. Bf4 Bf5 4. e3 e6 5. Nf3 Bd6 6. Ne5 a6 7. g4 Bg6 8. h4 h6 9. Nxg6 fxg6 10. Bxd6 Qxd6 11. Bd3 Nc6 12. Bxg6+ Kd7 13. Bd3 Raf8 14. Qe2 Kc8 15. O-O-O Kb8 16. g5 hxg5 17. hxg5 Nd7 18. f4 Nb4 19. a3 Nxd3+ 20. Qxd3 c5 21. dxc5 Nxc5 22. Qd4 Qe7 23. Qe5+ Qc7 24. Qxc7+ Kxc7 25. b4 Nd7 26. Ne2 Nb6 27. Nd4 Kd7 28. Nf3 Nc4 29.
Rxh8 Rxh8 30. e4 Rh3 31. Nd2 Nxa3 32. exd5 exd5 33. Nb3 Kd6 34. f5 Rh2 35. Nd4 Rf2 36.
Re1 Rf4 37. Re6+ Kd7 38. c3 Nc4 39. Rg6 Rf1+ 40. Kc2 Ne3+ 41. Kd3 Nxf5 42. Nxf5 Rxf5 43. Rxg7+ Kc6 44. g6 Rg5 45. Rg8 Rg4 46. g7 Kc7 47. Ke3 Kb6 48. Kd3 Kb5 49. Ke3 b6 50. Kd3 Rg3+ 51. Kd4 Rg5 52. Kd3 Rg4 53. Kc2 Rg3 54. Kd2 Ka4 55. Kc2 a5 56. bxa5 bxa5 57. Kd2 Rg5 58. Kd3 Rg4 59. Ke3 Rg6 60. Kd4 Rg5 61. Kc5 Kb3 62. Rb8+ Kxc3 63. g8=Q Rxg8 64. Rxg8 d4 65. Rg4 d3 66. Rc4+ Kb3 67. Rd4 Kc3 68. Rc4+ Kb3 69. Rd4 Kc3 70. Rxd3+ Kxd3 71. Kb5 a4 72.
Kxa4 1/2-1/2